 Dungeon Crawl Stone Soup version 0.31-a0-818-ge7c7cf74f0 (webtiles) character file.

Game seed: 16394302210446503624

97 Kurtz the Chopper (level 4, -1/46 HPs)
             Began as an Octopode Fighter on Sept 22, 2023.
             Slain by a gnoll
             ... wielding a +0 whip
              (10 damage)
             ... on level 3 of the Dungeon.
             The game lasted 00:01:15 (2222 turns).

Kurtz the Chopper (Octopode Fighter)                Turns: 2222, Time: 00:01:15

Health: -1/46      AC:  1    Str: 17    XL:     4   Next: 68%
Magic:  4/4        EV: 13    Int: 10    God:
Gold:   117        SH:  4    Dex: 11    Spells: 3/3 levels left

rFire   . . .        a - +0 war axe
rCold   . . .        b - +0 buckler
rNeg    . . .        (helmet restricted)
rPois   .            (no amulet)
rElec   .            (no ring)
rCorr   .            (no ring)
SInv    .            (no ring)
Will    .....        (no ring) Stlth
                     (no ring)
HPRegen 0.27/turn    (no ring)
MPRegen 0.09/turn    (no ring)
                     (no ring)

%: no passive effects
@: berserking, very quick
A: almost no armour, amphibious, 8 rings, camouflage 1, gelatinous body 1,
(nimble swimmer 1), tentacles
a: no special abilities


You were on level 3 of the Dungeon.
You visited 1 branch of the dungeon, and saw 3 of its levels.

You collected 117 gold pieces.

Inventory:

Hand Weapons
 a - a +0 war axe (weapon)
Missiles
 n - 13 poisoned darts
Armour
 b - a +0 buckler (worn)
Scrolls
 d - 2 scrolls of teleportation {unknown}
 e - 3 scrolls of identify {unknown}
 h - a scroll of vulnerability {unknown}
 j - a scroll of acquirement {unknown}
Potions
 c - a potion of might
 g - a potion of attraction {unknown}
 i - a potion of haste {unknown}
 k - a potion of invisibility {unknown}
 l - 3 potions of degeneration {unknown}
 m - a potion of lignification {unknown}


   Skills:
 * Level 3.2 Fighting
 * Level 3.6 Axes
 * Level 3.3 Dodging
 * Level 2.3 Stealth
 * Level 3.2 Shields


You had 3 spell levels left.
You didn't know any spells.
Your spell library contained the following spells:

 Spells                   Type           Power      Damage    Failure   Level
 Summon Small Mammal      Summ           0%         N/A       43%         1
 Call Canine Familiar     Summ           0%         N/A       82%         3
 Summon Guardian Golem    Hex/Summ       0%         N/A       82%         3


Dungeon Overview and Level Annotations

Branches:
Dungeon (3/15)

Altars:

Shops:
D:2 (

Annotations:
D:3 Ijyb


Innate Abilities, Weirdness & Mutations

You cannot wear most types of armour.
You are amphibious.
You can wear up to eight rings at the same time.
Your skin changes colour to match your surroundings (Stealth+).
Your rubbery body absorbs attacks. (AC +1, EV +1)
((You are camouflaged when in or above water. (Stealth+)))
You have tentacles for arms and can constrict up to eight enemies at once.


Message History

The gnoll shouts!
The gnoll moves out of view.
Ijyb the Twisted Goblin comes into view.
She is wielding a +0 dagger and carrying a wand of iceblast.
A gnoll comes into view. It is wielding a +0 spear.
There are monsters nearby!
A gnoll comes into view. It is wielding a +0 flail.
There are monsters nearby!
The gnoll shouts! x2
You hit the gnoll but do no damage. Your grab misses the gnoll.
The gnoll hits you with a +0 whip. The gnoll hits you with a +0 whip!
You barely miss the gnoll.
The gnoll shouts!
You grab the gnoll.
You squeeze the gnoll, but do no damage.
You constrict the gnoll.
You hear a shout!
The gnoll struggles to escape constriction.
A goblin comes into view. It is wielding a +0 club.
You release your grip on the gnoll.
The gnoll attacks as it pursues you!
The gnoll hits you from afar with a +0 spear.
There is an open door here.
The gnoll attacks as it pursues you! The gnoll hits you with a +0 whip.
The gnoll attacks as it pursues you! The gnoll closely misses you.
The gnoll attacks as it pursues you! The gnoll closely misses you.
The gnoll attacks as it pursues you! The gnoll hits you with a +0 whip.
* * * LOW HITPOINT WARNING * * *
The gnoll attacks as it pursues you! The gnoll hits you with a +0 whip.
* * * LOW HITPOINT WARNING * * *
It was a potion of berserk rage.
A red film seems to cover your vision as you go berserk!
You feel yourself moving faster!
You feel mighty! The gnoll hits you but does no damage.
You feel a strong urge to attack something.
The gnoll closely misses you.
You barely miss the gnoll. You grab the gnoll. You squeeze the gnoll.
The gnoll is severely wounded.
You constrict the gnoll, but do no damage.
The gnoll barely misses you. The gnoll hits you with a +0 whip!
You die...

### ### #.#####.#
#.......# #.#####.#
#...@.#.#
#########g#.#######
.........g#.##....#######
.........g#..............
#####.)..####....#######
########.#...............#
#........#.......#######.#
#.........g#####.#
#.........g.####.#


You could see 3 gnolls.

Vanquished Creatures
  3 adders (D:2)
  2 ball pythons
  5 bats
  6 endoplasms
  6 giant cockroaches
  4 goblins
  4 hobgoblins
  8 jackals
  10 kobolds
  4 quokkas
  2 frilled lizards
  5 rats
59 creatures vanquished.

Notes
Turn   | Place    | Note
-------+----------+-------------------------------------------
     0 | D:1      | Kurtz the Octopode Fighter began the quest for the Orb.
     0 | D:1      | Reached XP level 1. HP: 16/16 MP: 1/1
   158 | D:1      | Reached XP level 2. HP: 21/21 MP: 2/2
   285 | D:1      | Reached XP level 3. HP: 10/26 MP: 3/3
   766 | D:1      | Reached skill level 1 in Stealth
  1299 | D:2      | Reached XP level 4. HP: 29/31 MP: 4/4
  1757 | D:2      | Found Seho's Antique Weapon Shoppe.
  2199 | D:3      | Noticed Ijyb
  2222 | D:3      | Slain by a gnoll

Illustrated notes

Levels and vault maps discovered:
D:1:      sevenhm_arrival_forest_fort_small_3, layout_loops_cross,
          ebering_dispersal_statue_hall
D:2:      minmay_angry_zag, layout_loops_corners, serial_shops, shop,
          kennysheep_generic_room_6
D:3:      layout_basic, dreamdust_ecumenical_altar_angels_and_demons,
          nicolae_half_adder, uniq_ijyb

Skill      XL: |  1  2  3  4 |
---------------+-------------+-----
Axes           | 3 |  3.6
Stealth        | 1 2 |  2.3
Fighting       | |  3.2
Dodging        | |  3.3
Shields        | |  3.2

Action                     |  1- 3 |  4- 6 || total
---------------------------+-------+-------++-------
  Melee: War axe           |    72 |    23 ||    95
         Tentacles         |    14 |     4 ||    18
         Constrict         |    20 |     7 ||    27
         Punch             |     3 |       ||     3
    Use: Potion            |       |     1 ||     1
   Stab: Sleeping          |    11 |     8 ||    19
 Armour: Skin              |    19 |    13 ||    32
  Dodge: Dodged            |    45 |    11 ||    56
  Block: Buckler           |     6 |     3 ||     9

Table legend: (Time is in decaauts)
 A = Elapsed time spent in this place.
 B = Non-inter-level travel time spent in this place.
 C = Inter-level travel time spent in this place.
 D = Time resting spent in this place.
 E = Time spent auto-exploring this place.
 F = Levels seen in this place.
 G = Mean time per level.
                   A        B        C        D        E       F      G
               +--------+--------+--------+--------+--------+-----+--------+
         Total |   2256 |   2061 |    195 |    264 |   1466 |   3 |  752.0 |
       Dungeon |   2256 |   2061 |    195 |    264 |   1466 |   3 |  752.0 |
               +--------+--------+--------+--------+--------+-----+--------+

Top non-repeatable levels by time:
     D:2: 1212 daAuts
     D:1: 903 daAuts
     D:3: 140 daAuts
